 Dungeon Crawl Stone Soup version 0.26-a0-667-g92642533e4 (webtiles) character file.

Game seed: 423867581202769939

154136 miscthings the Unseen (level 18, 0/148 HPs)
             Began as a Kobold Berserker on Oct 16, 2020.
             Was the Champion of Trog.
             Slain by a spark wasp (13 damage)
             ... on level 2 of the Depths.
             The game lasted 00:59:12 (26390 turns).

miscthings the Unseen (Kobold Berserker)           Turns: 26390, Time: 00:59:13

Health: 0/148      AC: 15    Str: 24    XL:     18   Next: 24%
Magic:  0/27       EV: 30    Int: 20    God:    Trog [******]
Gold:   1610       SH:  9    Dex: 19    Spells: 17/17 levels left

rFire    + . .     SeeInvis .   X - +9 quick blade (vorpal)
rCold    + . .     Faith    .   m - +2 buckler
rNeg     + + +     Spirit   +   B - +4 robe of Augmentation {Str+4 Int+4 Dex+4}
rPois    +         Reflect  .   V - +1 hat "Diuhang" {Rampage rC- MP+9}
rElec    .         Harm     .   a - +2 cloak {rPois}
rCorr    .         Rampage  +   W - +0 pair of gloves "Diawo" {*Corrode rC+ rN+ MR+}
MR       ++...                  C - +2 pair of boots {rampage}
Stlth    ++++++++..             p - amulet "Xiurek" {Spirit rC+ rN+ Stlth-}
HPRegen  0.34/turn              k - ring of Cafumpad {rF+ rN+ Str+4 Stlth+}
MPRegen  0.20/turn              Y - +4 ring of slaying

@: berserk cooldown, slowed, very slow
A: small, clever 1, nightstalker 3, robust 2, wild magic 1, evolution 1
a: Berserk, Trog's Hand, Brothers in Arms, Renounce Religion


You were on level 2 of the Depths.
You worshipped Trog.
Trog was exalted by your worship.
You visited 5 branches of the dungeon, and saw 26 of its levels.

You collected 2549 gold pieces.
You spent 939 gold pieces at shops.

Inventory:

Hand Weapons
 X - a +9 vorpal quick blade (weapon)
Missiles
 Q - 2 throwing nets (quivered)
 Z - 188 bolts
Armour
 a - a +2 cloak of poison resistance (worn)
 m - a +2 buckler (worn)
 B - the +4 robe of Augmentation (worn) {Str+4 Int+4 Dex+4}
   (You found it on level 12 of the Dungeon)

   It affects your strength (+4).
   It affects your intelligence (+4).
   It affects your dexterity (+4).
 C - a +2 pair of boots of rampaging (worn)
 V - the +1 hat "Diuhang" (worn) {Rampage rC- MP+9}
   (You found it on level 11 of the Dungeon)

   It makes you vulnerable to cold.
   It affects your magic capacity (+9).
   It bestows one free step when moving towards enemies.
 W - the +0 pair of gloves "Diawo" (worn) {*Corrode rC+ rN+ MR+}
   (You found it on level 2 of the Lair of Beasts)

   It protects you from cold.
   It protects you from negative energy.
   It affects your resistance to hostile enchantments.
   It may corrode you when you take damage.
Jewellery
 k - the ring of Cafumpad (left hand) {rF+ rN+ Str+4 Stlth+}
   (You found it on level 2 of the Lair of Beasts)

   [ring of stealth]

   It affects your strength (+4).
   It protects you from fire.
   It protects you from negative energy.
   It makes you more stealthy.
 p - the amulet "Xiurek" (around neck) {Spirit rC+ rN+ Stlth-}
   (You took it off a centaur on level 14 of the Dungeon)

   [amulet of guardian spirit]

   It causes incoming damage to be split between your health and magic.
   It protects you from cold.
   It protects you from negative energy.
   It makes you less stealthy.
 A - an uncursed ring of protection from cold
 L - an uncursed ring of resist corrosion
 Y - a +4 ring of slaying (right hand)
Wands
 b - a wand of flame (24)
 n - a wand of iceblast (13)
 s - a wand of acid (31)
 u - a wand of polymorph (15)
 y - a wand of paralysis (13)
 J - a wand of random effects (35)
 N - a wand of enslavement (12)
 R - a wand of disintegration (22)
Scrolls
 c - 2 scrolls of blinking
 d - a scroll of summoning
 e - 11 scrolls of remove curse
 o - 6 scrolls of teleportation
 r - a scroll of holy word
 v - 9 scrolls of identify {@r1}
 w - 3 scrolls of immolation
 z - 2 scrolls of fog
 F - 2 scrolls of enchant armour
 G - 3 scrolls of silence
 K - 4 scrolls of vulnerability
 M - 3 scrolls of fear
 T - 2 scrolls of magic mapping
Potions
 f - 9 potions of curing
 g - 7 potions of brilliance
 h - 4 potions of flight
 i - 5 potions of stabbing
 j - 7 potions of haste
 l - 2 potions of cancellation
 q - a potion of magic
 t - 4 potions of heal wounds
 D - a potion of ambrosia
 E - a potion of berserk rage
 H - 3 potions of might
 O - a potion of mutation
 P - 2 potions of lignification
Miscellaneous
 I - a box of beasts (2/3)
 S - a phial of floods


   Skills:
 + Level 17.6 Fighting
 - Level 15.0 Short Blades
 - Level 5.0 Throwing
 - Level 5.0 Armour
 + Level 16.6 Dodging
 + Level 18.9 Stealth
 - Level 5.6 Shields
 - Level 14.0 Evocations


You had 17 spell levels left.
You didn't know any spells.
Your spell library contained the following spells:

 Spells                   Type           Power        Failure   Level
 Corona                   Hex            #......      26%         1
 Foxfire                  Conj/Fire      #...         26%         1
 Magic Dart               Conj           #...         26%         1
 Shock                    Conj/Air       #...         26%         1
 Blink                    Tloc           N/A          36%         2
 Call Imp                 Summ           #.......     36%         2
 Ensorcelled Hibernation  Hex/Ice        #.....       36%         2
 Slow                     Hex            #.......     36%         2
 Swiftness                Air            #.......     36%         2
 Confusing Touch          Hex            #.......     58%         3
 Conjure Flame            Conj/Fire      #.......     58%         3
 Dazzling Flash           Conj/Hex       #.....       58%         3
 Inner Flame              Hex/Fire       #.......     58%         3
 Mephitic Cloud           Conj/Pois/Air  #.......     58%         3
 Static Discharge         Conj/Air       #.......     58%         3
 Tukima's Dance           Hex            #.......     58%         3
 Airstrike                Air            #.........   92%         4
 Sticky Flame             Conj/Fire      #.......     92%         4
 Fireball                 Conj/Fire      #.........   99%         5
 Irradiate                Conj/Tmut      #.........   99%         5
 Lightning Bolt           Conj/Air       #.........   99%         5
 Hydra Form               Tmut           #.........   100%        6
 Statue Form              Tmut/Erth      #........    100%        6
 Dragon Form              Tmut           #.........   100%        7


Dungeon Overview and Level Annotations

Branches:
Dungeon (15/15)            Temple (1/1) D:6            Lair (6/6) D:9
 Shoals (0/4) Lair:2       Spider (0/4) Lair:3        Slime (0/5) Lair:5
    Orc (2/2) D:11            Elf (0/3) Orc:2        Vaults (0/5) D:14
 Depths (2/5) D:15

Altars:
Ashenzari
Cheibriados
Dithmenos
Elyvilon
Fedhas
Gozag
Hepliaklqana
Kikubaaqudgha
Makhleb
Nemelex Xobeh
Okawaru
Qazlal
Ru
Sif Muna
Trog
Uskayaw
Vehumet
Wu Jian
Xom
Yredelemnul
Zin
The Shining One

Shops:
D:5 *   D:6 *   D:8 !:?   Orc:2 (=[*   Depths:1 *

Portals:
Hell: Depths:1
Pandemonium: Depths:1


Innate Abilities, Weirdness & Mutations

You are small and have problems with some larger weapons.
You are completely attuned to the shadows.
Your mind is acute. (Int +2)
You are very robust. (+20% HP)
Your spells are a little harder to cast, but a little more powerful.
You evolve.


Message History

Trog accepts your kill. The spark wasp completely misses you.
Your mature stingfire beast hits the orc.
Your mature stingfire beast closely misses the orc.
Evoke which item? (* to show all) (? for menu, Esc to quit)
Aiming: Paralyse
Press: ? - help, Shift-Dir - straight line, f/p - spark wasp
Aim: a spark wasp (chance to defeat MR: 62%)
The spark wasp resists with significant effort.
The spark wasp stings you!
* * * LOW HITPOINT WARNING * * *
The spark wasp shocks you!
* * * LOW HITPOINT WARNING * * *
The orc hits your mature stingfire beast but does no damage.
Your mature stingfire beast closely misses the orc.
Your mature stingfire beast completely misses the orc.
The spark wasp stings you!
* * * LOW HITPOINT WARNING * * *
The spark wasp shocks you!
You die...

#...# '# #)o##)####...
#...#########...###..###### ...
#................#...ยง....#....
#................#........#..
#................#........'..
#................#o.o.....#.
#....##[..##(.####)o.##...#
#....#######.y####o=.##.###
#....##.......@.Ho#####.#
#....#..........)## #.
#....#...........#
#...<#...........#
########+#######'# #.# ..


You could see a spark wasp, 2 orcs and a friendly mature stingfire beast
(summoned).

Vanquished Creatures
  Sojobo (Depths:2)
  Saint Roka (Depths:2)
  A lich (Depths:1)
  Rupert (D:12)
  A tengu reaver (Depths:2)
  2 orc warlords
  2 frost giants (Depths:1)
  A stone giant (Depths:2)
  Azrael (D:13)
  3 spark wasps
  2 ettins
  A yaktaur captain (Depths:1)
  A blizzard demon (Depths:1)
  Harold (D:8)
  A great orb of eyes (Depths:1)
  4 fire dragons
  A rakshasa (Depths:2)
  9 hydras
  6 centaur warriors
  3 catoblepae
  4 ogre magi
  A deep troll shaman (Depths:1)
  9 two-headed ogres
  3 tengu warriors
  3 spriggan berserkers (Depths:1)
  2 deep troll earth magi (Depths:1)
  3 death yaks (Lair:6)
  4 orc high priests (Orc:2)
  A hell knight (D:15)
  Sonja (Orc:1)
  2 sun demons (Depths:1)
  8 skeletal warriors (D:15)
  An iron troll (Depths:1)
  3 unseen horrors
  An infernal demonspawn (Depths:1)
  A wizard (Depths:1)
  3 lindwurms
  2 glowing orange brains
  7 deep trolls (Depths:1)
  A wolf spider zombie (D:14)
  4 orc knights (Orc:2)
  9 ugly things
  6 deep elf magi
  A necromancer (Depths:1)
  A wolf spider (D:15)
  5 orc sorcerers
  3 cyclopes
  A manticore (D:11)
  A frost giant skeleton (Depths:1)
  A guardian serpent (shapeshifter) (Depths:1)
  3 gargoyles
  Joseph (D:7)
  10 elephants
  5 black mambas
  Psyche (D:11)
  2 centaur zombies
  14 cane toads
  5 torpor snails
  A yaktaur (D:15)
  A yaktaur zombie (Depths:1)
  2 kobold demonologists
  7 rime drakes
  11 komodo dragons
  7 trolls
  A tengu conjurer (Depths:1)
  5 polar bears
  A jumping spider (Lair:3)
  A hornet (Lair:4)
  10 blink frogs
  8 slime creatures
  18 dream sheep
  A blink frog (shapeshifter) (D:14)
  A spriggan zombie (Depths:1)
  Sigmund (D:2)
  A ynoxinul (Depths:1)
  A spriggan (shapeshifter) (D:13)
  4 shadows
  4 fire elementals (D:13)
  A spriggan skeleton (Depths:1)
  3 wraiths
  4 water elementals (D:15)
  45 yaks
  8 wyverns
  3 steam dragons
  11 basilisks
  A fire bat (Lair:1)
  2 wargs (Orc:2)
  A two-headed ogre zombie (D:11)
  20 water moccasins
  3 acid dragons
  5 hell hounds
  2 ice beasts
  2 black bears
  44 orc warriors
  A swamp drake (D:11)
  A spriggan simulacrum (Depths:1)
  6 phantoms
  An eye of draining (D:12)
  23 centaurs
  An ogre (shapeshifter) (D:11)
  15 ogres
  7 wolves
  20 bullfrogs
  2 big kobolds
  Blork the orc (D:4)
  A wyvern skeleton (D:14)
  A scorpion (D:4)
  10 wights
  3 troll zombies (D:11)
  3 electric eels (D:9)
  5 howler monkeys
  4 crimson imps
  3 quasits
  4 bullfrog zombies
  34 orc wizards
  32 orc priests
  Crazy Yiuf (D:2)
  7 bullfrog skeletons
  13 hounds
  15 jellies
  4 centaur skeletons
  2 iron imps
  Jessica (D:2)
  7 iguanas
  8 worker ants
  11 hell rats
  4 ogre zombies (D:11)
  A hound zombie (D:8)
  A howler monkey zombie (D:8)
  A worker ant zombie (D:9)
  23 adders
  A river rat (Lair:3)
  5 shadow imps
  9 white imps
  2 ufetubi
  3 oozes
  4 adder zombies
  An adder skeleton (D:8)
  A worm (D:2)
  8 dart slugs
  4 leopard geckos
  100 orcs
  A ball python (D:2)
  5 bats
  5 giant cockroaches
  8 goblins
  6 hobgoblins
  12 jackals
  6 quokkas
  7 frilled lizards
  2 goblin skeletons (D:11)
  9 goblin zombies (D:11)
  A hobgoblin zombie (D:11)
  A jackal zombie (D:7)
  17 kobolds
  2 orc skeletons (D:11)
  11 orc zombies (D:11)
  12 rats
937 creatures vanquished.

Vanquished Creatures (collateral kills)
  A tengu reaver (Depths:2)
  The ghost of EPluribusUnum the Cleaver, a journeyman HOMo of Beogh (D:11)
  A rakshasa (Depths:2)
  A hydra (Lair:4)
  A dancing weapon (D:11)
  An orc high priest (Orc:2)
  2 ugly things (Depths:2)
  A cane toad (Lair:4)
  A rime drake (Lair:4)
  A yaktaur (shapeshifter) (Depths:2)
  A tengu conjurer (Depths:2)
  2 hornets (Lair:4)
  2 yaks (Lair:4)
  5 orc warriors
  An orc (Depths:2)
22 creatures vanquished.

Vanquished Creatures (others)
  A centaur (D:15)
  4 hell rats (Lair:2)
  An orc (D:11)
  9 bushes (Depths:2)
  33 fungi
  192 plants
240 creatures vanquished.

Grand Total: 1199 creatures vanquished

Notes
Turn   | Place    | Note
-------+----------+-------------------------------------------
     0 | D:1      | miscthings the Kobold Berserker began the quest for the
                  | Orb.
     0 | D:1      | Reached XP level 1. HP: 14/14 MP: 1/1
    87 | D:1      | Reached XP level 2. HP: 18/19 MP: 2/2
   211 | D:1      | Reached skill level 5 in Short Blades
   643 | D:1      | Reached XP level 3. HP: 23/23 MP: 3/3
   868 | D:2      | Noticed Jessica
   873 | D:2      | Killed Jessica
   892 | D:2      | Reached XP level 4. HP: 25/28 MP: 4/4
   897 | D:2      | Reached XP level 5. HP: 24/32 MP: 5/5
  1122 | D:2      | Noticed Sigmund
  1133 | D:2      | Killed Sigmund
  1133 | D:2      | Reached XP level 6. HP: 15/37 MP: 6/6
  1468 | D:2      | Reached ** piety under Trog
  1650 | D:2      | Noticed an ice beast
  1654 | D:2      | Killed an ice beast
  1654 | D:2      | Reached XP level 7. HP: 41/41 MP: 7/7
  1862 | D:2      | Found a runed translucent door.
  1865 | D:2      | Noticed Crazy Yiuf
  1871 | D:2      | Killed Crazy Yiuf
  1871 | D:2      | Reached skill level 10 in Short Blades
  2039 | D:3      | Reached skill level 1 in Stealth
  2213 | D:3      | Found a shadowy altar of Dithmenos.
  2624 | D:3      | Reached skill level 1 in Throwing
  2996 | D:4      | Reached skill level 2 in Stealth
  2996 | D:4      | Reached skill level 1 in Evocations
  3043 | D:4      | Noticed Blork the orc
  3052 | D:4      | Killed Blork the orc
  3060 | D:4      | Reached XP level 8. HP: 48/48 MP: 8/8
  3144 | D:4      | Got an encrusted trident
  3145 | D:4      | Identified the +7 trident "Orb Guardian's Death" {vorpal,
                  | rF++ Stlth+} (You found it on level 4 of the Dungeon)
  3216 | D:4      | Found a glowing silver altar of Zin.
  3302 | D:4      | Reached skill level 3 in Stealth
  3349 | D:4      | Reached *** piety under Trog
  3584 | D:4      | Reached skill level 4 in Stealth
  4129 | D:5      | Entered Level 5 of the Dungeon
  4227 | D:5      | Found Pueh's General Store.
  4231 | D:5      | Bought a scroll of identify for 26 gold pieces
  4231 | D:5      | Bought a wand of paralysis (7) for 117 gold pieces
  4231 | D:5      | Bought a scroll of fog for 26 gold pieces
  4231 | D:5      | Bought a scroll of identify for 26 gold pieces
  4358 | D:5      | Reached skill level 5 in Fighting
  4385 | D:5      | Reached XP level 9. HP: 54/54 MP: 9/9
  4929 | D:6      | Reached **** piety under Trog
  4929 | D:6      | Reached skill level 5 in Stealth
  4929 | D:6      | Reached skill level 1 in Shields
  4987 | D:6      | Found Ustrugib's Assorted Antiques.
  4996 | D:6      | Bought a scroll labeled BAV LIONARYM for 30 gold pieces
  4996 | D:6      | Bought a brown potion for 27 gold pieces
  4996 | D:6      | Bought a metallic sapphire potion for 27 gold pieces
  5067 | D:6      | Reached skill level 5 in Dodging
  5135 | D:6      | Found a staircase to the Ecumenical Temple.
  5148 | Temple   | Entered the Ecumenical Temple
  5888 | D:6      | Found a burning altar of Makhleb.
  5888 | D:6      | Found a shimmering altar of Xom.
  6088 | D:7      | Noticed Joseph
  6116 | D:7      | Killed Joseph
  6347 | D:7      | Found a white marble altar of Elyvilon.
  6404 | D:7      | Reached skill level 6 in Stealth
  6405 | D:7      | Found a shimmering blue altar of Sif Muna.
  6655 | D:8      | Reached skill level 5 in Evocations
  6680 | D:8      | Reached XP level 10. HP: 50/60 MP: 10/10
  6714 | D:8      | Found Takuvofao's Distillery.
  6719 | D:8      | Bought a potion of might for 44 gold pieces
  6852 | D:8      | Found Motyplug's Magic Scroll Boutique.
  6857 | D:8      | Bought a scroll of fear for 49 gold pieces
  6917 | D:8      | Reached skill level 5 in Throwing
  6962 | D:8      | Reached ***** piety under Trog
  7034 | D:8      | Found Kuax's Book Shop.
  7051 | D:8      | Noticed Harold
  7062 | D:8      | Killed Harold
  7062 | D:8      | Reached skill level 7 in Stealth
  7953 | D:9      | Found a shimmering altar of Xom.
  7955 | D:9      | Found a shimmering altar of Xom.
  7966 | D:9      | Found a shimmering altar of Xom.
  7972 | D:9      | Reached skill level 5 in Shields
  8041 | D:9      | Found a shimmering altar of Xom.
  8046 | D:9      | Found a shimmering altar of Xom.
  8050 | D:9      | Found a shimmering altar of Xom.
  8050 | D:9      | Found a shimmering altar of Xom.
  8134 | D:9      | Found a sacrificial altar of Ru.
  8135 | D:9      | Found an opulent altar of Gozag.
  8153 | D:9      | Reached skill level 8 in Stealth
  8153 | D:9      | Reached XP level 11. HP: 67/67 MP: 11/11
  8272 | D:9      | Found a staircase to the Lair.
  8444 | D:9      | Found an ancient bone altar of Kikubaaqudgha.
  8486 | D:10     | Entered Level 10 of the Dungeon
  8658 | D:10     | Received a gift from Trog
  8927 | D:10     | Got an agate-encrusted scale mail
  8938 | D:10     | Identified the cursed +0 scale mail of the Robin {+Fly
                  | rCorr SInv} (You found it on level 10 of the Dungeon)
  9481 | D:11     | Noticed a manticore
  9496 | D:11     | Noticed Psyche
  9498 | D:11     | Killed a manticore
  9506 | D:11     | Killed Psyche
  9714 | D:11     | Reached skill level 9 in Stealth
  9970 | D:11     | Found a staircase to the Orcish Mines.
 10463 | D:11     | Received a gift from Trog
 10488 | D:11     | Noticed a deep elf mage
 10507 | D:11     | Killed a deep elf mage
 10510 | D:11     | Got a pitted hat
 10546 | D:11     | Identified the +1 hat "Diuhang" {Rampage rC- MP+9} (You
                  | found it on level 11 of the Dungeon)
 10559 | D:11     | Noticed a deep elf mage
 10562 | D:11     | Killed a deep elf mage
 10629 | D:11     | Reached skill level 10 in Stealth
 10635 | D:11     | Found a runed translucent door.
 10636 | D:11     | Found a shimmering altar of Xom.
 10636 | D:11     | Noticed EPluribusUnum's ghost (journeyman HOMo)
 10637 | D:11     | Noticed a +3 long sword of chaos
 10650 | D:11     | Killed EPluribusUnum's ghost
 10653 | D:11     | Killed a +3 long sword of chaos
 10653 | D:11     | Reached XP level 12. HP: 75/75 MP: 12/12
 11196 | Lair:1   | Entered Level 1 of the Lair of Beasts
 11230 | Lair:1   | Reached skill level 11 in Stealth
 11487 | Lair:1   | Reached skill level 10 in Dodging
 11688 | Lair:1   | You fall into a shaft and drop 1 floor!
 11692 | Lair:2   | Noticed an eight-headed hydra
 11970 | Lair:2   | Noticed a six-headed hydra
 12001 | Lair:2   | Reached skill level 10 in Evocations
 12088 | Lair:2   | Killed a six-headed hydra
 12289 | Lair:2   | Reached skill level 10 in Fighting
 12337 | Lair:2   | Found a staircase to the Shoals.
 12434 | Lair:2   | Got a pair of polished gloves
 12445 | Lair:2   | Identified the cursed +0 pair of gloves "Diawo" {*Corrode
                  | rC+ rN+ MR+} (You found it on level 2 of the Lair of
                  | Beasts)
 12483 | Lair:2   | Got a steaming wooden ring
 12545 | Lair:2   | Identified the ring of Cafumpad {rF+ rN+ Str+4 Stlth+} (You
                  | found it on level 2 of the Lair of Beasts)
 12669 | Lair:2   | Killed an eight-headed hydra
 12669 | Lair:2   | Reached XP level 13. HP: 82/82 MP: 13/13
 12983 | Lair:3   | Reached skill level 12 in Stealth
 13117 | Lair:3   | Found a hole to the Spider Nest.
 13209 | Lair:3   | Received a gift from Trog
 13973 | Lair:4   | Identified 2 scrolls of acquirement
 13973 | Lair:4   | Acquired the +4 rapier "Goblinbane" {protect, *Noise *Drain
                  | +Inv Int+8}
 13975 | Lair:4   | Acquired a manual of Fighting
 14365 | Lair:4   | Found a snail-covered altar of Cheibriados.
 14720 | Lair:4   | Noticed a four-headed hydra
 14724 | Lair:4   | Killed a four-headed hydra
 14729 | Lair:4   | Reached skill level 13 in Stealth
 14949 | Lair:5   | Noticed an eight-headed hydra
 14961 | Lair:5   | Killed an eight-headed hydra
 14961 | Lair:5   | Reached XP level 14. HP: 90/90 MP: 14/14
 14996 | Lair:5   | Reached skill level 5 in Armour
 15129 | Lair:5   | You fall into a shaft and drop 1 floor!
 15129 | Lair:6   | Entered Level 6 of the Lair of Beasts
 15452 | Lair:5   | Found a staircase to the Slime Pits.
 15485 | Lair:5   | Received a gift from Trog
 15543 | Lair:5   | Got a translucent dagger {god gift}
 15545 | Lair:5   | Identified the +2 dagger of Unreason {antimagic, rN+} (Trog
                  | gifted it to you on level 5 of the Lair of Beasts)
 15900 | Lair:6   | Found a broken altar of Ashenzari.
 16008 | Lair:6   | Reached skill level 14 in Stealth
 16344 | Lair:6   | Received a gift from Trog
 16509 | Lair:6   | Reached ****** piety under Trog
 16577 | Lair:6   | Reached XP level 15. HP: 87/99 MP: 15/15
 17045 | D:12     | Found the +4 robe of Augmentation {Str+4 Int+4 Dex+4}
 17383 | D:12     | Noticed Rupert
 17388 | D:12     | Killed Rupert
 18029 | D:13     | Gained mutation: You evolve. [potion of mutation]
 18029 | D:13     | Gained mutation: You are robust. (+10% HP) [potion of
                  | mutation]
 18029 | D:13     | Gained mutation: Your spells are a little harder to cast,
                  | but a little more powerful. [potion of mutation]
 18029 | D:13     | Gained mutation: You are very robust. (+20% HP) [potion of
                  | mutation]
 18108 | D:13     | Noticed Azrael
 18224 | D:13     | Killed Azrael
 18224 | D:13     | Reached skill level 15 in Stealth
 18447 | D:13     | Acquired a +2 cloak of poison resistance
 18546 | D:13     | Identified the cursed +0 robe of Patience {-Cast rF+++
                  | Int+8 Stlth-} (You found it on level 13 of the Dungeon)
 18897 | D:14     | Found a glowing silver altar of Zin.
 19000 | D:14     | Received a gift from Trog
 19332 | D:14     | Found a gate to the Vaults.
 19748 | D:14     | Reached XP level 16. HP: 128/128 MP: 16/16
 19937 | D:14     | Gained mutation: Your mind is acute. (Int +2) [evolution]
 19997 | D:14     | Identified the amulet "Xiurek" {Spirit rC+ rN+ Stlth-}
 20039 | D:14     | Reached skill level 15 in Fighting
 20237 | D:15     | Entered Level 15 of the Dungeon
 20289 | D:15     | Found a staircase to the Depths.
 20401 | D:15     | Reached skill level 16 in Stealth
 20405 | D:15     | Received a gift from Trog
 21792 | Orc:1    | Entered Level 1 of the Orcish Mines
 21930 | Orc:1    | Noticed Sonja
 21935 | Orc:1    | Killed Sonja
 22392 | Orc:2    | Entered Level 2 of the Orcish Mines
 23155 | Orc:2    | Received a gift from Trog
 23336 | Orc:2    | Found a staircase to the Elven Halls.
 23564 | Orc:2    | Reached XP level 17. HP: 138/138 MP: 17/17
 23632 | Orc:2    | Reached skill level 17 in Stealth
 23641 | Orc:2    | Reached skill level 15 in Short Blades
 23829 | Orc:2    | Found Huin's General Store.
 23829 | Orc:2    | Found Paischyo's Jewellery Emporium.
 23852 | Orc:2    | Found Fuhij's Antique Armour Emporium.
 23853 | Orc:2    | Found Xecimuqy's Antique Weapon Shoppe.
 24061 | Depths:1 | Entered Level 1 of the Depths
 24063 | Depths:1 | Reached skill level 15 in Dodging
 24475 | Depths:1 | Found the +8 Wrath of Trog {antimagic, *Rage}
 24809 | Depths:1 | Found a one-way gate leading to the halls of Pandemonium.
 24813 | Depths:1 | Received a gift from Trog
 24824 | Depths:1 | Reached skill level 18 in Stealth
 24914 | Depths:1 | Noticed a lich
 24917 | Depths:1 | Killed a lich
 25238 | Orc:2    | Bought a +2 pair of boots of rampaging for 215 gold pieces
 25482 | Depths:1 | Found a gateway to Hell.
 25701 | Depths:1 | Found Nioxkiask's Assorted Antiques.
 25735 | Depths:1 | Bought a potion of cancellation for 352 gold pieces
 25911 | Depths:2 | Noticed Sojobo
 25913 | Depths:2 | Noticed a tengu reaver
 25940 | Depths:2 | Killed Sojobo
 25958 | Depths:2 | Killed a tengu reaver
 26129 | Depths:2 | Reached XP level 18. HP: 124/148 MP: 18/18
 26310 | Depths:2 | Noticed Saint Roka
 26338 | Depths:2 | Killed Saint Roka
 26390 | Depths:2 | Slain by a spark wasp

Illustrated notes

Levels and vault maps discovered:
D:1:      minmay_arrival_widening_spiral_wide, layout_loops_cross,
          minmay_tetromino_o2
D:2:      layout_loops_cross, uniq_sigmund, uniq_crazy_yiuf_cottage,
          uniq_jessica
D:3:      layout_loops_ring, grunt_dithmenos_smoke_and_mirrors
D:4:      black_bear_nest_2, layout_cave_pods, old_standard_altar,
          serial_bayou_lake_a, uniq_blork_the_orc
D:5:      kennysheep_slugbush, layout_rooms, serial_shops, shop
D:6:      layout_basic, grunt_temple_overflow_champion_of_chaos,
          minmay_temple_entry_stoned_glass, serial_shops,
          nicolae_shop_overgrown_old_shop, minmay_fire_ice_demons
D:7:      layout_loops_ring, kennysheep_mini_moat, elyvilon_altar_4, uniq_joseph
D:8:      layout_cave_pools, serial_shops, shop, shop, shop, uniq_harold
D:9:      kennysheep_steamy, layout_irregular_city, grunt_temple_overflow_open,
          erik_lair_island, nicolae_xom_altar_mimics
D:10:     layout_small_grid
D:11:     minmay_razor_zed, layout_irregular_city, zombieorc2_lemuel,
          ebering_ghost_xom, hangedman_minor_magic, uniq_psyche
D:12:     layout_long_grid, uniq_rupert
D:13:     layout_roguey, uniq_azrael
D:14:     layout_loops_corners, david_vaults_2, hangedman_decor_points,
          special_room [special_room_mythical_zoo], basic_altar, billiards_dpeg
D:15:     hangedman_depths_entry_civil_slaughter, layout_basic,
          minmay_stone_trees_small
Temple:   nicolae_temple_great_sept
Lair:1:   layout_regular_city, grunt_megastairs_4
Lair:2:   minmay_lair_venomous_thicket, layout_cave_pods,
          minmay_shoals_entry_centaurs, beast_lair_carwin_9
Lair:3:   layout_roguey, spider_nest_entry_a, pond
Lair:4:   cheibrodos_lair_overgrown_chateau, layout_misc_corridors,
          nicolae_lair_grove_arrangements, kennysheep_snail_temple,
          infiniplex_staircase_pool_2
Lair:5:   layout_loops_ring, minmay_slime_entry_jelly_boxes, lemuel_fruit_tree,
          grunt_megastairs_2
Lair:6:   guppyfry_lair_end_dragon, layout_layer_cave, hangedman_lair_in_review,
          basic_altar
Orc:1:    nicolae_orc_accident_1, layout_caves, uniq_sonja
Orc:2:    st_orc_congregation, layout_caves, nicolae_orc_pool_cavern
Depths:1: layout_basic, pf_hell_entry_tar_spiral, grunt_pan_entry_in_and_out,
          hangedman_decor_push, serial_shops, nicolae_shop_waterfront,
          minmay_guarded_unrand_wrath_of_trog
Depths:2: kennysheep_large_spiral, layout_gridville,
          pf_vacation_house_of_asmodeus, kennysheep_boxes, uniq_saint_roka,
          uniq_sojobo

Skill      XL: |  1  2  3  4  5  6  7  8  9 10 11 12 13 14 15 16 17 |
---------------+----------------------------------------------------+-----
Short Blades   | 5 6 7 9 10 11 12 13 14 15 | 15.0
Stealth        | 2 4 6 8 10 11 13 14 15 16 18 | 18.9
Throwing       | 1 3 4 5 |  5.0
Dodging        | 3 4 5 7 9 10 11 12 13 14 16 | 16.6
Evocations     | 1 3 5 6 8 10 11 12 13 14 | 14.0
Fighting       | 5 6 7 8 10 11 13 14 16 17 | 17.6
Shields        | 3 5 |  5.6
Armour         | 3 4 5 |  5.0

Action                   |  1- 3 |  4- 6 |  7- 9 | 10-12 | 13-15 | 16-18 || total
-------------------------+-------+-------+-------+-------+-------+-------++-------
Melee: Short sword       |    66 |    45 |       |       |       |       ||   111
       Dagger            |       |    15 |   520 |   940 |    76 |       ||  1551
       Quick blade       |       |       |       |       |  1068 |  1129 ||  2197
Throw: Throwing net      |       |       |       |       |       |     2 ||     2
Invok: Berserk           |     1 |     1 |     7 |    21 |    11 |    12 ||    53
       Brothers in Arms  |       |       |       |     2 |     2 |     1 ||     5
       Trog's Hand       |       |       |       |       |       |     1 ||     1
Evoke: Wand              |       |       |     1 |    17 |     3 |     8 ||    29
       Box of beasts     |       |       |       |       |       |     2 ||     2
       Phial of floods   |       |       |       |       |       |     1 ||     1
  Use: Scroll            |       |       |    12 |    13 |    14 |     7 ||    46
       Potion            |       |       |       |       |     1 |     1 ||     2
 Stab: Sleeping          |     2 |     4 |    37 |    62 |    57 |    38 ||   200
       Distracted        |       |     2 |     1 |     2 |     8 |    11 ||    24
       Petrifying        |       |       |       |     7 |       |       ||     7
       Paralysed         |       |       |       |     5 |     1 |     1 ||     7
       Confused          |       |       |       |     1 |       |       ||     1
       Petrified         |       |       |       |       |     4 |       ||     4
Armor: Animal skin       |     6 |     5 |    55 |    28 |       |       ||    94
       Scale mail        |       |       |       |    78 |    63 |       ||   141
       Robe              |       |       |       |       |    26 |    47 ||    73
Dodge: Dodged            |    36 |    17 |   215 |   376 |   389 |   449 ||  1482
Block: Buckler           |       |       |    20 |   162 |   119 |   163 ||   464

Table legend: (Time is in decaauts)
 A = Elapsed time spent in this place.
 B = Non-inter-level travel time spent in this place.
 C = Inter-level travel time spent in this place.
 D = Time resting spent in this place.
 E = Time spent auto-exploring this place.
 F = Levels seen in this place.
 G = Mean time per level.
                   A        B        C        D        E       F      G
               +--------+--------+--------+--------+--------+-----+--------+
         Total |  24669 |  23006 |   1663 |   2260 |  15389 |  26 |  948.8 |
       Dungeon |  15792 |  14649 |   1143 |   1700 |   9836 |  15 | 1052.8 |
        Temple |     96 |     89 |      7 |      0 |     78 |   1 |   96.0 |
          Lair |   5233 |   5027 |    206 |    251 |   3503 |   6 |  872.2 |
  Orcish Mines |   2077 |   1818 |    259 |    103 |   1210 |   2 | 1038.5 |
        Depths |   1470 |   1423 |     47 |    205 |    761 |   2 |  735.0 |
               +--------+--------+--------+--------+--------+-----+--------+

Top non-repeatable levels by time:
    D:11: 1933 daAuts
   Orc:2: 1439 daAuts
    D:15: 1422 daAuts
    D:14: 1319 daAuts
     D:4: 1314 daAuts
  Lair:2: 1263 daAuts
     D:2: 1209 daAuts
     D:9: 1131 daAuts
Depths:1: 1061 daAuts
    D:12: 1004 daAuts
    D:13: 965 daAuts
    D:10: 949 daAuts
  Lair:4: 924 daAuts
  Lair:6: 922 daAuts
     D:6: 865 daAuts
